Map: Kairos Junction LE

Players

liquidthermy (uThermal)

  • Race: Terran Terran
  • Spawn Location: 5:00

Harstem - Winner!

  • Race: Protoss Protoss
  • League: Grandmaster
  • Spawn Location: 11:00

Event: HomeStory Cup XIX

VOD

Have the link to the VOD?

Description

Time

  • Played on: June 29, 2019, 7:15 a.m.
  • Length: 15:21

All games in this series

Show
View Real Time Build Order
Export as new Build Order

liquidthermy Terran 

Build Orders: Gas First Reaper Expand, Banshee Rush 

Get SALT Encoding   

  12  0:01  SCV  
  13  0:13  SCV  
  14  0:17  Supply Depot  
  14  0:25  SCV  
  14  0:27  Refinery  
  15  0:38  SCV  
  16  0:44  Barracks  
  16  0:51  SCV  
  17  1:03  SCV  
  18  1:15  SCV  
  19  1:31  Orbital Command, Reaper  
  20  1:42  Command Center  
  20  1:53  Factory  
  20  1:57  SCV  
  21  2:05  Barracks Reactor  
  21  2:09  SCV  
  21  2:13  Supply Depot  
  22  2:21  SCV  
  22  2:22  Refinery  
  23  2:34  SCV  
  24  2:43  Starport  
  24  2:46  Supply Depot  
  24  2:47  Hellion x2  
  24  2:50  SCV  
  28  3:03  SCV  
  29  3:08  Barracks Tech Lab  
  29  3:09  Hellion x2  
  33  3:15  SCV  
  33  3:27  SCV  
  33  3:36  Orbital Command  
  33  3:38  Banshee, Cloaking Field  
  33  3:39  SCV  
  37  3:49  Factory Tech Lab  
  37  3:51  SCV  
  37  3:55  Marine x2  
  40  4:03  SCV  
  40  4:08  SCV  
  40  4:09  Siege Tank  
  45  4:13  Marine x2  
  45  4:15  SCV  
  48  4:17  Supply Depot  
  48  4:20  SCV  
  49  4:24  Banshee  
  49  4:26  Bunker  
  49  4:27  SCV  
  53  4:38  Barracks  
  53  4:41  Barracks, Marine x2  
  54  4:46  SCV x2  
  54  4:51  Siege Tank  
  59  4:56  Supply Depot  
  59  4:58  SCV x2  
  61  5:01  Marine  
  62  5:15  Marine  
  62  5:16  SCV  
  62  5:17  SCV  
  61  5:28  Refinery, SCV  
  58  5:29  Engineering Bay, Starport Reactor, SCV  
  58  5:32  Factory Tech Lab  
  58  5:34  Marine  
  58  5:35  Stimpack, Marine x2  
  61  5:40  SCV  
  61  5:41  Marine, Supply Depot  
  61  5:42  SCV  
  65  5:50  Supply Depot  
  65  5:51  Siege Tank  
  65  5:52  Marine, SCV  
  70  5:57  Terran Infantry Weapons Level 1  
  70  6:03  Marine x2, SCV  
  70  6:04  Marine, SCV, Supply Depot  
  73  6:09  Combat Shield  
  73  6:10  Marine  
  76  6:15  SCV  
  77  6:23  Refinery  
  77  6:27  Command Center  
  77  6:32  Missile Turret  
  77  6:35  Siege Tank  
  77  6:36  Missile Turret  
  77  6:37  SCV x2  
  77  6:39  Marine x2  
  83  6:41  Marine  
  83  6:44  Marine  
  86  6:50  Supply Depot  
  86  6:51  Medivac x2  
  90  6:59  Marine x2  
  90  7:00  Marauder, Supply Depot  
  94  7:12  Marine  
  94  7:15  Supply Depot  
  95  7:16  Siege Tank  
  95  7:17  Marine  
  95  7:21  Marauder  
  95  7:22  Medivac  
  103  7:27  Marine  
  101  7:30  Marauder, Medivac  
  101  7:35  Marine  
  106  7:43  Marauder, SCV  
  109  7:45  Barracks  
  109  7:46  Barracks  
  109  7:47  SCV  
  109  7:48  Siege Tank  
  113  7:52  Marauder  
  113  7:56  SCV  
  113  7:58  Medivac  
  118  7:59  SCV  
  119  8:05  Marine  
  119  8:06  Marauder  
  119  8:07  Medivac  
  119  8:10  Marine  
  120  8:13  Marauder  
  116  8:23  Marine  
  109  8:27  Marine  
  109  8:28  Marine  
  107  8:35  Marauder  
  107  8:38  Medivac  
  107  8:41  Marine  
  101  8:45  Marine x3  
  101  8:46  Marine  
  91  8:56  Marauder  
  91  8:59  Marine  
  91  9:02  Marine x3  
  84  9:04  Marine  
  87  9:17  Marine x2  
  79  9:34  Terran Infantry Armor Level 1  
  79  9:37  SCV x2  
  78  9:49  SCV  
  78  9:50  SCV  
  80  9:55  Orbital Command  
  80  9:56  Marine  
  80  9:57  Marine  
  82  10:00  Marine  
  82  10:01  SCV  
  82  10:02  Factory Reactor  
  82  10:03  SCV  
  82  10:06  Marine  
  86  10:09  Marine  
  86  10:14  Marine x2, SCV  
  88  10:15  SCV  
  88  10:16  Marine  
  88  10:21  Marine  
  93  10:22  SCV  
  93  10:24  Marine  
  93  10:27  Marine  
  85  10:29  SCV  
  85  10:30  SCV  
  85  10:32  Marine x2  
  85  10:34  SCV  
  85  10:35  Marine  
  91  10:39  Marine  
  91  10:41  Widow Mine x2  
  96  10:43  SCV  
  96  10:44  Marine  
  96  10:45  Marine  
  96  10:48  SCV x2  
  101  10:50  Marine  
  101  10:51  Marine  
  101  10:53  Marine  
  101  10:56  Marine  
  105  10:57  SCV  
  105  11:00  SCV  
  105  11:01  SCV  
  105  11:03  Widow Mine  
  110  11:06  Widow Mine  
  110  11:09  Marauder, Marine  
  110  11:10  Marine  
  112  11:11  Orbital Command  
  112  11:13  Medivac  
  114  11:19  Marauder, Marine  
  114  11:21  SCV  
  114  11:22  SCV  
  114  11:24  Marine  
  120  11:27  Marine  
  120  11:29  Widow Mine  
  120  11:30  Widow Mine  
  125  11:39  Marine, Marauder  
  128  11:41  Marauder  
  128  11:43  Marine  
  128  11:44  Marine  
  131  11:54  Marine  
  131  11:57  Marine  
  131  12:00  Marauder  
  130  12:02  Marine, Widow Mine  
  130  12:06  Marauder  
  133  12:08  Marine  
  133  12:12  Supply Depot  
  133  12:14  Widow Mine, Supply Depot  
  133  12:21  Marine  
  133  12:27  Supply Depot  
  133  12:32  Supply Depot  
  133  12:33  Marauder, Marine x3, SCV, Supply Depot  
  133  12:34  Marauder  
  133  12:36  SCV x2  
  143  12:57  Marauder, Marine  
  143  12:58  Marine, Supply Depot  
  146  12:59  Marauder  
  146  13:01  Widow Mine  
  151  13:06  Widow Mine  
  151  13:07  Marine  
  154  13:18  Marine  
  154  13:19  Marauder  
  156  13:20  Marauder  
  156  13:23  Supply Depot  
  156  13:28  Marine x2, Widow Mine x2  
  156  13:32  Ghost Academy  
  162  13:35  Concussive Shells  
  162  13:36  Liberator  
  162  13:38  Marine  
  162  13:40  Marauder  
  164  13:41  Marauder  
  164  13:45  Marine  
  161  13:51  Widow Mine  
  161  13:52  Widow Mine  
  168  13:57  Marine, Supply Depot  
  168  14:01  Marauder  
  171  14:03  Marauder  
  171  14:06  Marine  
  174  14:12  Widow Mine  
  174  14:15  Marine  
  174  14:16  Barracks Tech Lab  
  177  14:19  Medivac  
  177  14:22  Marine  
  177  14:23  Marauder, Supply Depot  
  177  14:24  Widow Mine  
  184  14:29  Marine, Refinery  
  182  14:33  Widow Mine  
  182  14:37  Marauder x2, Marine  
  189  14:40  Marine  
  190  14:58  Marine  
Show
View Real Time Build Order
Export as new Build Order

Harstem Protoss - Winner!

Build Orders: 1 Gate Expand, Zealot Archon 

Get SALT Encoding   

  12  0:01  Probe  
  13  0:13  Probe  
  14  0:17  Pylon  
  14  0:25  Probe  
  15  0:34  Probe  
  15  0:36  Gateway  
  15  0:42  Probe  
  16  0:49  Assimilator  
  17  0:52  Probe  
  18  1:04  Probe  
  19  1:16  Probe  
  20  1:23  Cybernetics Core  
  20  1:32  Nexus  
  20  1:39  Pylon  
  20  1:42  Probe  
  21  1:48  Assimilator  
  21  1:50  Adept  
  21  1:54  Probe  
  24  2:06  Probe  
  25  2:08  Warp Gate  
  25  2:11  Stalker  
  25  2:18  Probe  
  27  2:31  Probe  
  28  2:38  Robotics Facility  
  28  2:43  Probe  
  29  2:44  Stalker  
  29  2:45  Probe  
  32  2:55  Probe  
  32  2:57  Probe  
  34  3:07  Probe  
  34  3:09  Probe  
  34  3:12  Stalker  
  36  3:17  Pylon  
  36  3:19  Probe  
  39  3:21  Probe  
  40  3:30  Pylon  
  40  3:31  Probe  
  40  3:33  Probe  
  40  3:35  Gateway  
  40  3:42  Gateway  
  40  3:43  Observer, Probe  
  40  3:45  Probe  
  44  3:55  Probe  
  44  3:57  Stalker  
  44  3:59  Probe  
  44  4:01  Pylon  
  46  4:05  Observer  
  46  4:07  Probe  
  47  4:11  Probe  
  47  4:15  Pylon  
  47  4:16  Forge  
  49  4:18  Twilight Council  
  49  4:20  Probe  
  49  4:22  Assimilator  
  49  4:23  Observer, Probe  
  51  4:24  Assimilator  
  52  4:32  Probe  
  52  4:35  Stalker  
  52  4:36  Probe  
  56  4:44  Probe x2  
  58  4:57  Charge  
  58  5:01  Gateway, Pylon  
  58  5:04  Probe, Gateway  
  59  5:11  Protoss Ground Armor Level 1  
  59  5:15  Stalker x2, Probe  
  59  5:16  Probe  
  60  5:23  Probe  
  60  5:24  Probe  
  60  5:29  Templar Archives, Warp Prism  
  60  5:31  Probe  
  60  5:32  Probe  
  62  5:42  Observer  
  63  5:43  Probe  
  63  5:46  Nexus  
  65  5:54  Gateway  
  65  5:56  Sentry  
  65  5:57  Pylon  
  66  5:59  Psionic Storm  
  66  6:02  Probe  
  66  6:04  Probe  
  68  6:07  Pylon  
  68  6:19  Probe  
  68  6:21  Observer, Probe  
  68  6:22  High Templar  
  68  6:23  High Templar  
  74  6:32  Pylon  
  75  6:33  Gateway  
  75  6:35  Gateway  
  75  6:41  Zealot  
  75  6:42  Zealot  
  75  6:46  Photon Cannon  
  79  6:47  Pylon  
  79  6:48  Zealot  
  81  6:54  Sentry  
  81  6:56  Zealot  
  81  6:57  Zealot, High Templar  
  81  7:00  Probe  
  81  7:01  Probe  
  89  7:05  Protoss Ground Armor Level 2, High Templar  
  89  7:06  Zealot  
  92  7:10  Probe  
  87  7:17  Stalker  
  87  7:21  Probe  
  87  7:22  Stalker  
  90  7:25  Probe  
  90  7:26  Probe  
  90  7:29  Probe  
  91  7:33  Blink  
  92  7:39  Zealot x2  
  96  7:48  Zealot  
  96  7:49  Zealot  
  100  7:54  High Templar x2  
  100  7:55  Observer, Zealot  
  106  7:59  Archon  
  106  8:00  Stalker  
  108  8:12  Zealot x4  
  103  8:27  Zealot x4  
  103  8:30  Probe  
  110  8:41  Observer, Probe x2  
  108  8:45  Zealot x2  
  113  8:49  Probe  
  103  9:08  Zealot x3  
  102  9:10  Observer  
  102  9:13  Protoss Ground Weapons Level 1  
  94  9:26  Pylon  
  88  9:33  High Templar  
  88  9:34  High Templar x2, Warp Prism  
  88  9:37  High Templar  
  92  9:41  Archon  
  92  9:43  Archon  
  95  9:52  Nexus  
  94  9:53  Probe  
  94  9:55  Probe  
  96  10:03  Warp Prism  
  96  10:06  Probe, High Templar  
  100  10:07  Probe  
  100  10:13  Observer  
  102  10:31  Pylon  
  102  10:41  Nexus  
  102  10:43  Pylon x2  
  102  10:47  Immortal  
  102  10:49  Probe x2  
  108  10:52  High Templar  
  110  11:01  Stalker x4  
  114  11:09  Probe  
  114  11:11  Zealot x2  
  117  11:18  Warp Prism  
  119  11:20  Nexus  
  121  11:34  High Templar x2  
  121  11:39  Pylon  
  125  11:42  Pylon  
  125  11:45  Protoss Ground Weapons Level 2, Pylon  
  121  12:01  Probe  
  121  12:04  Zealot x2  
  124  12:13  Probe  
  124  12:14  Warp Prism  
  125  12:19  Probe  
  125  12:21  Zealot x3  
  125  12:22  Zealot  
  130  12:26  Probe  
  123  12:31  Probe  
  123  12:32  Observer  
  123  12:33  Probe, High Templar x5  
  123  12:34  High Templar  
  137  12:37  Archon x2  
  137  12:38  Probe  
  137  12:41  Probe, Immortal  
  137  12:43  Probe  
  139  12:48  Archon  
  139  12:50  Probe  
  144  12:57  Zealot  
  146  12:58  High Templar  
  144  13:17  Zealot x6  
  156  13:21  Observer  
  156  13:26  Zealot  
  157  13:39  Stalker x4  
  165  13:44  Zealot x2  
  161  13:54  Zealot x2  
  165  14:07  Pylon  
  165  14:10  Assimilator  
  165  14:12  Assimilator  
  165  14:13  Pylon  
  165  14:16  High Templar  
  165  14:25  Zealot x3  
  165  14:26  Zealot  
  173  14:32  High Templar  
  173  14:33  High Templar x2  
  173  14:35  Probe  
  173  14:36  Pylon  
  180  14:39  Pylon  
  178  14:55  Zealot  
  178  14:56  Zealot x3  
  142  15:17  Zealot x8  
Tags
 
Add a new tag
Caveats
  • Supply blocks, unpowered buildings, or Contaminate may cause inaccurate times.
  • Supply counts are checked every 10 seconds.